[Event "POL-chT 2 Liga 2019"]
[Site "Poronin"]
[Date "2019.09.11"]
[Round "5.46"]
[White "Kubica, Kamil"]
[Black "Lach, Piotr"]
[Result "1/2-1/2"]
[ECO "A46"]
[WhiteElo "2099"]
[BlackElo "2125"]
[Annotator "NA"]
[PlyCount "23"]
[EventDate "2019.09.07"]
[EventType "team-tourn"]
[EventCountry "POL"]
[SourceTitle "playchess.com"]
[Source "ChessBase"]
[SourceQuality "1"]
[TimeControl "40/5400+30:1800+30"]

1. d4 Nf6 2. Nf3 e6 3. g3 b5 4. Bg2 Bb7 5. O-O Be7 6. Re1 d5 7. c3 Nbd7 8. Qb3 a6 9. a4 c5 10. axb5 c4 11. Qc2 axb5 12. Rxa8 1/2-1/2

[Event "POL-chT 2 Liga 2019"]
[Site "Poronin"]
[Date "2019.09.11"]
[Round "5.47"]
[White "Rzeznik, Lukasz"]
[Black "Rawski, Slawomir"]
[Result "1-0"]
[ECO "B32"]
[WhiteElo "1988"]
[BlackElo "2056"]
[Annotator "NA"]
[PlyCount "63"]
[EventDate "2019.09.07"]
[EventType "team-tourn"]
[EventCountry "POL"]
[SourceTitle "playchess.com"]
[Source "ChessBase"]
[SourceQuality "1"]
[TimeControl "40/5400+30:1800+30"]

1. e4 c5 2. Nf3 Nc6 3. d4 cxd4 4. Nxd4 d6 5. Nc3 Bd7 6. Be3 Nf6 7. f3 a6 8. a4 e6 9. Qd2 Be7 10. Nb3 O-O 11. a5 Ne5 12. f4 Ng6 13. Be2 Bc6 14. Bf3 Nh4 15. Nd4 Nxf3+ 16. gxf3 Bd7 17. Rg1 Rc8 18. f5 exf5 19. Bh6 Nh5 20. O-O-O Kh8 21. Nd5 Rg8 22. Nxe7 Qxe7 23. Bg5 f6 24. Bf4 fxe4 25. fxe4 Nxf4 26. Qxf4 Qe5 27. Qh4 Qxa5 28. Nb3 Qa2 29. Rd3 Be6 30. Rg2 Bxb3 31. Qxh7+ Kxh7 32. Rh3# {[%emt 0:00:01] Be6} 1-0

[Event "POL-chT 2 Liga 2019"]
[Site "Poronin"]
[Date "2019.09.11"]
[Round "5.50"]
[White "Suliborski, Jakub"]
[Black "Grela, Kacper"]
[Result "0-1"]
[ECO "B56"]
[WhiteElo "2169"]
[BlackElo "2346"]
[Annotator "NA"]
[PlyCount "96"]
[EventDate "2019.09.07"]
[EventType "team-tourn"]
[EventCountry "POL"]
[SourceTitle "playchess.com"]
[Source "ChessBase"]
[SourceQuality "1"]
[TimeControl "40/5400+30:1800+30"]

1. e4 c5 2. Nf3 Nc6 3. d4 cxd4 4. Nxd4 Nf6 5. Nc3 d6 6. h3 e5 7. Nde2 Be6 8. Bg5 Be7 9. Bxf6 Bxf6 10. Nd5 O-O 11. Nec3 Bg5 12. Bd3 Rc8 13. O-O Ne7 14. Qf3 Nxd5 15. Nxd5 Bxd5 16. exd5 g6 17. c3 f5 18. Qd1 e4 19. Be2 Bf4 20. Qd4 Qg5 21. Bb5 Rc7 22. Rae1 Re7 23. Kh1 a6 24. Ba4 e3 25. Bd1 Re4 26. Qb6 Rfe8 27. Re2 Qh4 28. Bc2 R4e7 29. Qd4 Qg5 30. Bd3 exf2 31. Rxe7 Rxe7 32. Qxf2 Bg3 33. Qf3 Re3 34. Qd1 Be5 35. Rf3 Rxf3 36. gxf3 Qg3 37. Qe2 Qxh3+ 38. Kg1 Qh6 39. a4 Qc1+ 40. Kg2 h5 41. Qf2 Qf4 42. a5 h4 43. b4 Bxc3 44. b5 axb5 45. Bxb5 Bxa5 46. Qe2 Bc3 47. Be8 Kh7 48. Qe7+ Bg7 0-1

[Event "POL-chT 2 Liga 2019"]
[Site "Poronin"]
[Date "2019.09.11"]
[Round "5.51"]
[White "Komendecki, Jacek"]
[Black "Parol, Pawel"]
[Result "1-0"]
[ECO "C00"]
[WhiteElo "2073"]
[BlackElo "2145"]
[Annotator "NA"]
[PlyCount "55"]
[EventDate "2019.09.07"]
[EventType "team-tourn"]
[EventCountry "POL"]
[SourceTitle "playchess.com"]
[Source "ChessBase"]
[SourceQuality "1"]
[TimeControl "40/5400+30:1800+30"]

1. e4 e6 2. d4 d5 3. Bd3 Nf6 4. e5 Nfd7 5. f4 c5 6. c3 Nc6 7. Nf3 Qb6 8. Bc2 Be7 9. O-O g6 10. Kh1 h5 11. dxc5 Nxc5 12. b4 Nd7 13. Qe2 a5 14. Be3 Qc7 15. b5 Na7 16. Nd4 Nc5 17. Nd2 b6 18. Rac1 Bb7 19. c4 Rd8 20. Bb1 Qd7 21. Rfd1 O-O 22. f5 exf5 23. Bh6 Ne6 24. Nxf5 gxf5 25. Qxh5 Nd4 26. Rc3 Qe6 27. Rg3+ Bg5 28. Rxg5+ 1-0

[Event "POL-chT 2 Liga 2019"]
[Site "Poronin"]
[Date "2019.09.11"]
[Round "5.52"]
[White "Kowalec, Maciej"]
[Black "Kowalak, Piotr"]
[Result "1/2-1/2"]
[ECO "A45"]
[WhiteElo "2054"]
[BlackElo "2108"]
[Annotator "NA"]
[PlyCount "43"]
[EventDate "2019.09.07"]
[EventType "team-tourn"]
[EventCountry "POL"]
[SourceTitle "playchess.com"]
[Source "ChessBase"]
[SourceQuality "1"]
[TimeControl "40/5400+30:1800+30"]

1. d4 Nf6 2. Bg5 d5 3. Nd2 Nbd7 4. e3 e6 5. Bd3 Be7 6. c3 e5 7. Rc1 O-O 8. Bb1 c5 9. dxe5 Nxe5 10. Ngf3 Nxf3+ 11. Nxf3 Be6 12. Bxf6 Bxf6 13. O-O g6 14. b4 b6 15. Qa4 Qc7 16. Bd3 Rfd8 17. h3 Rac8 18. Ba6 Rb8 19. Bb5 Rbc8 20. Ba6 Rb8 21. Bb5 Rbc8 22. Ba6 1/2-1/2

[Event "POL-chT 2 Liga 2019"]
[Site "Poronin"]
[Date "2019.09.11"]
[Round "5.53"]
[White "Krawiec, Grzegorz"]
[Black "Parol, Pola"]
[Result "0-1"]
[ECO "B91"]
[WhiteElo "1792"]
[BlackElo "2062"]
[Annotator "NA"]
[PlyCount "88"]
[EventDate "2019.09.07"]
[EventType "team-tourn"]
[EventCountry "POL"]
[SourceTitle "playchess.com"]
[Source "ChessBase"]
[SourceQuality "1"]
[TimeControl "40/5400+30:1800+30"]

1. e4 c5 2. Nf3 d6 3. d4 cxd4 4. Nxd4 Nf6 5. Nc3 a6 6. g3 e5 7. Nb3 Be7 8. Bg2 O-O 9. O-O b5 10. a4 b4 11. Nd5 a5 12. Re1 Bb7 13. c4 bxc3 14. Nxc3 Na6 15. Be3 Nb4 16. Rc1 Qd7 17. Bb6 Bd8 18. Be3 Bc6 19. Na1 Rb8 20. b3 Bb6 21. Nc2 Nxc2 22. Qxc2 Bxe3 23. Rxe3 Rfc8 24. Qd1 Qe6 25. Nd5 Bxd5 26. Rxc8+ Qxc8 27. exd5 Qc5 28. Qd2 Rc8 29. Bf1 h6 30. Bc4 Nd7 31. Kg2 Nb6 32. Rc3 Qb4 33. Qd3 Rc5 34. Rc2 Qa3 35. h4 Qa1 36. h5 Qb1 37. Qf5 Nxc4 38. bxc4 Rxc4 39. Qd7 Qxc2 40. Qe8+ Kh7 41. Qxf7 Qe4+ 42. f3 Qe2+ 43. Kh3 Qf1+ 44. Kh2 Rc2# 0-1

[Event "POL-chT 2 Liga 2019"]
[Site "Poronin"]
[Date "2019.09.11"]
[Round "5.54"]
[White "Rykala, Monika"]
[Black "Karykowska, Anna"]
[Result "0-1"]
[ECO "E30"]
[WhiteElo "1892"]
[BlackElo "1895"]
[Annotator "NA"]
[PlyCount "64"]
[EventDate "2019.09.07"]
[EventType "team-tourn"]
[EventCountry "POL"]
[SourceTitle "playchess.com"]
[Source "ChessBase"]
[SourceQuality "1"]
[TimeControl "40/5400+30:1800+30"]

1. d4 Nf6 2. c4 e6 3. Nc3 Bb4 4. Bg5 d5 5. e3 O-O 6. Qc2 Nbd7 7. cxd5 exd5 8. Bd3 h6 9. Bh4 c5 10. Nge2 c4 11. Bf5 Nb6 12. O-O Be7 13. h3 Bxf5 14. Qxf5 Qd7 15. Qxd7 Nbxd7 16. Bxf6 Nxf6 17. a4 a6 18. a5 Rac8 19. Rfb1 Bb4 20. Ra4 Bd6 21. Ra2 Rc6 22. b4 b5 23. axb6 Rxb6 24. b5 axb5 25. Rxb5 Rfb8 26. Rxb6 Rxb6 27. f3 Rb3 28. Kf2 Bb4 29. Rc2 Kf8 30. e4 dxe4 31. fxe4 Bxc3 32. Nxc3 Rxc3 0-1

[Event "POL-chT 2 Liga 2019"]
[Site "Poronin"]
[Date "2019.09.12"]
[Round "6.1"]
[White "Lewicki, Miroslaw"]
[Black "Bator, Robert"]
[Result "1/2-1/2"]
[ECO "B31"]
[WhiteElo "2351"]
[BlackElo "2358"]
[Annotator "NA"]
[PlyCount "40"]
[EventDate "2019.09.07"]
[EventType "team-tourn"]
[EventCountry "POL"]
[SourceTitle "playchess.com"]
[Source "ChessBase"]
[SourceQuality "1"]
[TimeControl "40/5400+30:1800+30"]

1. e4 c5 2. Nf3 Nc6 3. Bb5 g6 4. O-O Bg7 5. c3 Nf6 6. Qe2 O-O 7. d3 Qb6 8. Ba4 Qa6 9. Bb3 d6 10. h3 e5 11. a4 Be6 12. Bc4 Bxc4 13. dxc4 d5 14. exd5 Nxd5 15. Na3 Nde7 16. Be3 b6 17. Qc2 f5 18. Rad1 h6 19. Rfe1 Rad8 20. Nh2 Qb7 1/2-1/2

[Event "POL-chT 2 Liga 2019"]
[Site "Poronin"]
[Date "2019.09.12"]
[Round "6.2"]
[White "Marszalek, Maciej"]
[Black "Kozak, Antoni"]
[Result "1/2-1/2"]
[ECO "A40"]
[WhiteElo "2301"]
[BlackElo "2341"]
[Annotator "NA"]
[PlyCount "40"]
[EventDate "2019.09.07"]
[EventType "team-tourn"]
[EventCountry "POL"]
[SourceTitle "playchess.com"]
[Source "ChessBase"]
[SourceQuality "1"]
[TimeControl "40/5400+30:1800+30"]

1. d4 e6 2. c4 b6 3. Nf3 Bb7 4. g3 Bb4+ 5. Bd2 Bxd2+ 6. Qxd2 f5 7. Bg2 Nf6 8. O-O O-O 9. Nc3 Ne4 10. Qc2 Nxc3 11. Qxc3 d6 12. Rfd1 Qe7 13. c5 Be4 14. cxd6 cxd6 15. Qa3 Nd7 16. Rac1 Nf6 17. Ne1 Rac8 18. Qa6 Qd7 19. Nd3 Bxg2 20. Kxg2 Nd5 1/2-1/2

[Event "POL-chT 2 Liga 2019"]
[Site "Poronin"]
[Date "2019.09.12"]
[Round "6.3"]
[White "Mis, Mieszko"]
[Black "Brzeski, Maciej"]
[Result "1/2-1/2"]
[ECO "A61"]
[WhiteElo "2320"]
[BlackElo "2339"]
[Annotator "NA"]
[PlyCount "132"]
[EventDate "2019.09.07"]
[EventType "team-tourn"]
[EventCountry "POL"]
[SourceTitle "playchess.com"]
[Source "ChessBase"]
[SourceQuality "1"]
[TimeControl "40/5400+30:1800+30"]

1. d4 Nf6 2. c4 c5 3. d5 e6 4. Nc3 exd5 5. cxd5 d6 6. Nf3 g6 7. Bf4 Bg7 8. Qa4+ Bd7 9. Qb3 Qc7 10. e4 O-O 11. Nd2 Nh5 12. Be3 f5 13. exf5 Bxf5 14. Be2 Nf6 15. Nc4 a6 16. Qb6 Qxb6 17. Nxb6 Ra7 18. O-O-O Nbd7 19. Nc4 Ne8 20. g4 Bxc3 21. gxf5 Bd4 22. Rxd4 cxd4 23. Bxd4 Ra8 24. fxg6 hxg6 25. Rg1 Rf4 26. Rxg6+ Kf7 27. Rg4 Rxg4 28. Bxg4 Ndf6 29. Be6+ Kg6 30. a4 b5 31. Nb6 Ra7 32. a5 Rh7 33. h3 Nc7 34. Bc8 Rh4 35. Be3 Nfxd5 36. Nxd5 Nxd5 37. Bxa6 Nxe3 38. fxe3 Ra4 39. Bxb5 Rxa5 40. Bd3+ Kf6 41. Kd2 Ra1 42. Kc3 Ke5 43. b4 Ra3+ 44. Kd2 Ra1 45. b5 Rh1 46. Kc3 Rxh3 47. Kd2 Kd5 48. Ke2 Rh2+ 49. Kf3 Ke5 50. Bf1 Rh1 51. Bd3 Rh3+ 52. Kf2 Rh8 53. Ke2 Rf8 54. Kd2 Rf2+ 55. Kc3 Kd5 56. Kb4 Rb2+ 57. Kc3 Rh2 58. Kb4 Rh4+ 59. e4+ Kd4 60. Bc2 Rh2 61. Bb3 Kxe4 62. b6 Rh8 63. Kb5 Rb8 64. Kc6 Rxb6+ 65. Kxb6 d5 66. Bxd5+ Ke5 1/2-1/2

[Event "POL-chT 2 Liga 2019"]
[Site "Poronin"]
[Date "2019.09.12"]
[Round "6.4"]
[White "Jaskolka, Tomasz"]
[Black "Szpar, Milosz"]
[Result "1/2-1/2"]
[ECO "A46"]
[WhiteElo "2236"]
[BlackElo "2309"]
[Annotator "NA"]
[PlyCount "50"]
[EventDate "2019.09.07"]
[EventType "team-tourn"]
[EventCountry "POL"]
[SourceTitle "playchess.com"]
[Source "ChessBase"]
[SourceQuality "1"]
[TimeControl "40/5400+30:1800+30"]

1. d4 Nf6 2. Nf3 e6 3. e3 c5 4. Bd3 Nc6 5. b3 Qa5+ 6. c3 Qc7 7. O-O d5 8. Nbd2 Be7 9. Bb2 O-O 10. Rc1 Bd7 11. c4 cxd4 12. Nxd4 Rac8 13. cxd5 Nxd5 14. Rc4 Qa5 15. Nxc6 Rxc6 16. Bxh7+ Kxh7 17. Qh5+ Kg8 18. Bxg7 f5 19. Bxf8 Bxf8 20. Rxc6 bxc6 21. Qg5+ Kf7 22. Nc4 Qc7 23. f4 Bg7 24. Rf3 Nc3 25. Rh3 Be8 1/2-1/2

[Event "POL-chT 2 Liga 2019"]
[Site "Poronin"]
[Date "2019.09.12"]
[Round "6.5"]
[White "Mika, Tomasz"]
[Black "Pulik, Krzysztof"]
[Result "1-0"]
[ECO "C06"]
[WhiteElo "2136"]
[BlackElo "2131"]
[Annotator "NA"]
[PlyCount "95"]
[EventDate "2019.09.07"]
[EventType "team-tourn"]
[EventCountry "POL"]
[SourceTitle "playchess.com"]
[Source "ChessBase"]
[SourceQuality "1"]
[TimeControl "40/5400+30:1800+30"]

1. e4 e6 2. d4 d5 3. Bd3 Nf6 4. e5 Nfd7 5. Ne2 c5 6. c3 Nc6 7. Nd2 cxd4 8. cxd4 f6 9. exf6 Nxf6 10. Nf3 Bd6 11. O-O Qc7 12. Bg5 O-O 13. Rc1 Bd7 14. Ng3 Rae8 15. Bb5 Qb6 16. Bxc6 Bxc6 17. Rc2 Ba4 18. b3 Bb5 19. Re1 Bb4 20. Bd2 Bd6 21. Bc3 Bf4 22. Ne5 Rc8 23. Bb4 Rfe8 24. Bc5 Qc7 25. a4 Ba6 26. Rc3 b6 27. Bb4 Qb7 28. Rxc8 Rxc8 29. Qf3 Bg5 30. Nh5 Nxh5 31. Qxh5 Bf6 32. Qg4 Re8 33. h4 Qc7 34. Re3 Bxe5 35. Rxe5 Qc1+ 36. Kh2 Qh6 37. Bd6 Bd3 38. Rg5 g6 39. Qf4 Qg7 40. Rg3 Ba6 41. h5 Qf7 42. Qh6 Qg7 43. Qg5 Be2 44. hxg6 hxg6 45. Be5 Qh7+ 46. Rh3 Bh5 47. g4 Qf7 48. f4 1-0

[Event "POL-chT 2 Liga 2019"]
[Site "Poronin"]
[Date "2019.09.12"]
[Round "6.6"]
[White "Lukasiewicz, Anna"]
[Black "Swiech, Joanna"]
[Result "0-1"]
[ECO "A06"]
[WhiteElo "2075"]
[BlackElo "2055"]
[Annotator "NA"]
[PlyCount "104"]
[EventDate "2019.09.07"]
[EventType "team-tourn"]
[EventCountry "POL"]
[SourceTitle "playchess.com"]
[Source "ChessBase"]
[SourceQuality "1"]
[TimeControl "40/5400+30:1800+30"]

1. Nf3 d5 2. g3 Nf6 3. Bg2 e6 4. O-O Bd6 5. c4 O-O 6. d3 c5 7. Nc3 Nc6 8. Bg5 Be7 9. Nd2 d4 10. Bxf6 Bxf6 11. Na4 Qa5 12. b3 Be7 13. Nf3 Qc7 14. a3 e5 15. Qd2 Bd7 16. Rfb1 a5 17. Ne1 f5 18. Nc2 Nd8 19. Rf1 Bc6 20. e4 fxe4 21. dxe4 Ne6 22. Nb2 Ng5 23. f3 Bd7 24. Nd3 b5 25. cxb5 Bxb5 26. a4 Ba6 27. Nce1 Rab8 28. Qc2 Rb6 29. Rf2 Rfb8 30. f4 Nf7 31. fxe5 Rxb3 32. e6 Nd8 33. Nf4 Qa7 34. Qd1 c4 35. Qh5 Bf8 36. Qf5 Nc6 37. e7 Nxe7 38. Qe6+ Kh8 39. Nf3 Rb1+ 40. Rxb1 Rxb1+ 41. Bf1 Rb6 42. Qe5 d3 43. Ne6 Ng6 44. Nfg5 Rb5 45. Qa1 Rxg5 46. Nxg5 Bc5 47. Nh3 Bc8 48. Qe1 Ne5 49. Kh1 Bxf2 50. Nxf2 Nf3 51. Qc1 Qxf2 52. Bg2 Qe1+ 0-1

[Event "POL-chT 2 Liga 2019"]
[Site "Poronin"]
[Date "2019.09.12"]
[Round "6.7"]
[White "Oglaza, Oskar"]
[Black "Bobula, Mateusz"]
[Result "1/2-1/2"]
[ECO "C15"]
[WhiteElo "2351"]
[BlackElo "2326"]
[Annotator "NA"]
[PlyCount "30"]
[EventDate "2019.09.07"]
[EventType "team-tourn"]
[EventCountry "POL"]
[SourceTitle "playchess.com"]
[Source "ChessBase"]
[SourceQuality "1"]
[TimeControl "40/5400+30:1800+30"]

1. e4 e6 2. d4 d5 3. Nc3 Bb4 4. Qd3 dxe4 5. Qxe4 Nf6 6. Qh4 Nbd7 7. Bd2 b6 8. O-O-O Bb7 9. f3 Nd5 10. Qe1 Nxc3 11. Bxc3 Bxc3 12. Qxc3 O-O 13. Nh3 Rc8 14. Bd3 Qf6 15. Rhe1 c5 1/2-1/2

[Event "POL-chT 2 Liga 2019"]
[Site "Poronin"]
[Date "2019.09.12"]
[Round "6.8"]
[White "Kyc, Jerzy"]
[Black "Pacan-Milej, Kosma"]
[Result "1-0"]
[ECO "B94"]
[WhiteElo "2309"]
[BlackElo "2287"]
[Annotator "NA"]
[PlyCount "67"]
[EventDate "2019.09.07"]
[EventType "team-tourn"]
[EventCountry "POL"]
[SourceTitle "playchess.com"]
[Source "ChessBase"]
[SourceQuality "1"]
[TimeControl "40/5400+30:1800+30"]

1. e4 c5 2. Nf3 d6 3. d4 cxd4 4. Nxd4 Nf6 5. Nc3 a6 6. Bg5 Nbd7 7. Bc4 Qb6 8. Bb3 e6 9. Qd2 Be7 10. f3 Nc5 11. O-O-O Qc7 12. g4 b5 13. a3 Bd7 14. Kb1 Rb8 15. h4 a5 16. Bxf6 Bxf6 17. g5 Be7 18. h5 b4 19. axb4 axb4 20. Nd5 exd5 21. Bxd5 Na4 22. Qf4 O-O 23. g6 h6 24. gxf7+ Kh8 25. Rhg1 Bg5 26. Rxg5 hxg5 27. Qxg5 Qd8 28. Qg6 Qf6 29. e5 Qf4 30. Be4 Qh6 31. e6 Be8 32. Qxh6+ gxh6 33. fxe8=Q Rfxe8 34. Bc6 1-0

[Event "POL-chT 2 Liga 2019"]
[Site "Poronin"]
[Date "2019.09.12"]
[Round "6.9"]
[White "Licznerski, Lukasz"]
[Black "Gesicki, Jacek"]
[Result "1/2-1/2"]
[ECO "B30"]
[WhiteElo "2356"]
[BlackElo "2234"]
[Annotator "NA"]
[PlyCount "92"]
[EventDate "2019.09.07"]
[EventType "team-tourn"]
[EventCountry "POL"]
[SourceTitle "playchess.com"]
[Source "ChessBase"]
[SourceQuality "1"]
[TimeControl "40/5400+30:1800+30"]

1. e4 c5 2. Nf3 Nc6 3. Nc3 e5 4. Bc4 Be7 5. d3 Nf6 6. Ng5 O-O 7. f4 exf4 8. Bxf4 d6 9. O-O Nd4 10. h3 h6 11. Nf3 Nxf3+ 12. Qxf3 Be6 13. Bxe6 fxe6 14. e5 dxe5 15. Bxe5 Nd7 16. Bf4 Bd6 17. Ne2 Qb6 18. Qg4 Bxf4 19. Nxf4 Rae8 20. b3 Rf5 21. Nh5 Rg5 22. Qe2 Re5 23. Qd1 Qd6 24. Ng3 Nf6 25. Rf3 Qd4+ 26. Kh2 h5 27. Rb1 h4 28. Ne2 Qd6 29. Kg1 Rf5 30. Qf1 Nd5 31. Qf2 Ref8 32. Rxf5 Rxf5 33. Qxh4 Ne3 34. Rc1 Qf8 35. Qe1 Rf1+ 36. Qxf1 Nxf1 37. Rxf1 Qd6 38. a4 Qe5 39. Kf2 Qg5 40. Rd1 Kf7 41. Ng1 Qh4+ 42. Kf1 Qb4 43. Nf3 Ke7 44. Re1 Qc3 45. Re2 Kd7 46. Kf2 Qb2 1/2-1/2

[Event "POL-chT 2 Liga 2019"]
[Site "Poronin"]
[Date "2019.09.12"]
[Round "6.10"]
[White "Sendera, Jaroslaw"]
[Black "Punin, Andrii"]
[Result "1/2-1/2"]
[ECO "B01"]
[WhiteElo "2203"]
[BlackElo "2325"]
[Annotator "NA"]
[PlyCount "61"]
[EventDate "2019.09.07"]
[EventType "team-tourn"]
[EventCountry "POL"]
[SourceTitle "playchess.com"]
[Source "ChessBase"]
[SourceQuality "1"]
[TimeControl "40/5400+30:1800+30"]

1. e4 d5 2. exd5 Qxd5 3. Nc3 Qd6 4. d4 Nf6 5. Nf3 c6 6. h3 Bf5 7. Ne5 Nbd7 8. Nc4 Qc7 9. Qf3 e6 10. Bf4 Qd8 11. O-O-O Nd5 12. Kb1 Nxf4 13. Qxf4 Bb4 14. Bd3 Bxd3 15. Rxd3 O-O 16. Ne4 Nb6 17. Nxb6 axb6 18. h4 f5 19. Ng5 Qd5 20. a3 h6 21. Nf3 Bd6 22. Qe3 b5 23. Re1 Rfe8 24. b4 Rad8 25. Kb2 Bc7 26. g3 Bb6 27. Qd2 Bc7 28. Re2 Qd7 29. Ne5 Qe7 30. f4 Bxe5 31. Rxe5 1/2-1/2

[Event "POL-chT 2 Liga 2019"]
[Site "Poronin"]
[Date "2019.09.12"]
[Round "6.11"]
[White "Kowalczyk, Pawel"]
[Black "Polok, Rafal"]
[Result "1-0"]
[ECO "B20"]
[WhiteElo "2294"]
[BlackElo "2053"]
[Annotator "NA"]
[PlyCount "97"]
[EventDate "2019.09.07"]
[EventType "team-tourn"]
[EventCountry "POL"]
[SourceTitle "playchess.com"]
[Source "ChessBase"]
[SourceQuality "1"]
[TimeControl "40/5400+30:1800+30"]

1. e4 c5 2. Ne2 Nc6 3. g3 d5 4. Bg2 dxe4 5. Bxe4 Nf6 6. Bg2 Bf5 7. Nbc3 Qd7 8. h3 h5 9. d3 e5 10. Be3 Nd4 11. f4 Bd6 12. Ne4 Nd5 13. Bd2 Bxe4 14. Bxe4 Nb4 15. Nxd4 exd4 16. a3 Nc6 17. Qf3 O-O-O 18. Kd1 Ne7 19. Qg2 Nf5 20. Re1 h4 21. g4 Ng3 22. Bf3 Rhe8 23. Rxe8 Rxe8 24. b4 Qe7 25. bxc5 Bxc5 26. Rb1 b6 27. a4 a5 28. Qf2 Qe6 29. Rb3 Qd7 30. Rb5 Qe6 31. c4 dxc3 32. Rxc5+ bxc5 33. Qxc5+ Kd7 34. Qb5+ Ke7 35. Bxc3 Kf8 36. Be5 Rd8 37. Bxg7+ Kxg7 38. Qg5+ Kh7 39. Qxh4+ Kg7 40. Qg5+ Kh7 41. Qxd8 Qb3+ 42. Ke1 Qc3+ 43. Kf2 Qd2+ 44. Kxg3 Qe1+ 45. Kg2 Qd2+ 46. Kf1 Qc1+ 47. Kf2 Qd2+ 48. Be2 Qxf4+ 49. Kg2 1-0

[Event "POL-chT 2 Liga 2019"]
[Site "Poronin"]
[Date "2019.09.12"]
[Round "6.12"]
[White "Trybowska, Barbara"]
[Black "Starosta, Martyna"]
[Result "0-1"]
[ECO "C60"]
[WhiteElo "1689"]
[BlackElo "1814"]
[Annotator "NA"]
[PlyCount "88"]
[EventDate "2019.09.07"]
[EventType "team-tourn"]
[EventCountry "POL"]
[SourceTitle "playchess.com"]
[Source "ChessBase"]
[SourceQuality "1"]
[TimeControl "40/5400+30:1800+30"]

1. e4 e5 2. Nf3 Nc6 3. Bb5 g6 4. c3 d6 5. d4 Bd7 6. O-O Bg7 7. Re1 a6 8. Ba4 Nge7 9. Be3 O-O 10. Nbd2 f5 11. exf5 gxf5 12. dxe5 dxe5 13. Bc5 e4 14. Ng5 Ne5 15. Bb3+ Kh8 16. Nc4 N7g6 17. Qh5 h6 18. Nxe5 Nxe5 19. Bxf8 Qxg5 20. Qxg5 hxg5 21. Bxg7+ Kxg7 22. Rad1 Kf6 23. f3 Bc6 24. fxe4 Bxe4 25. Bd5 Nd3 26. Bxe4 Nxe1 27. Rxe1 Re8 28. Kf2 Rxe4 29. Rxe4 fxe4 30. Ke3 Ke5 31. g3 g4 32. a3 c6 33. a4 b5 34. a5 c5 35. b3 Kd5 36. Kd2 b4 37. cxb4 cxb4 38. Ke3 Ke5 39. Ke2 Kd4 40. Kd2 e3+ 41. Ke2 Ke4 42. Ke1 Kd3 43. Kd1 e2+ 44. Ke1 Ke3 0-1

[Event "POL-chT 2 Liga 2019"]
[Site "Poronin"]
[Date "2019.09.12"]
[Round "6.14"]
[White "Dobrowolski, Piotr"]
[Black "Dudzinski, Piotr"]
[Result "1/2-1/2"]
[ECO "C07"]
[WhiteElo "2415"]
[BlackElo "2355"]
[Annotator "NA"]
[PlyCount "30"]
[EventDate "2019.09.07"]
[EventType "team-tourn"]
[EventCountry "POL"]
[SourceTitle "playchess.com"]
[Source "ChessBase"]
[SourceQuality "1"]
[TimeControl "40/5400+30:1800+30"]

1. e4 e6 2. d4 d5 3. Nd2 c5 4. Ngf3 cxd4 5. exd5 exd5 6. Bb5+ Bd7 7. Bxd7+ Nxd7 8. O-O Bd6 9. Re1+ Ne7 10. Nb3 O-O 11. Qxd4 h6 12. Bf4 Nc6 13. Qd2 Nf6 14. Rad1 Bxf4 15. Qxf4 Qb6 1/2-1/2

[Event "POL-chT 2 Liga 2019"]
[Site "Poronin"]
[Date "2019.09.12"]
[Round "6.15"]
[White "Janaszak, Dawid"]
[Black "Piotrowski, Przemyslaw"]
[Result "1/2-1/2"]
[ECO "A37"]
[WhiteElo "2351"]
[BlackElo "2293"]
[Annotator "NA"]
[PlyCount "31"]
[EventDate "2019.09.07"]
[EventType "team-tourn"]
[EventCountry "POL"]
[SourceTitle "playchess.com"]
[Source "ChessBase"]
[SourceQuality "1"]
[TimeControl "40/5400+30:1800+30"]

1. Nf3 c5 2. c4 Nc6 3. Nc3 g6 4. g3 Bg7 5. Bg2 e6 6. O-O Nge7 7. e3 O-O 8. d4 cxd4 9. Nxd4 d5 10. cxd5 Nxd4 11. exd4 Nxd5 12. Nxd5 exd5 13. Qb3 Be6 14. Be3 Qd7 15. Rac1 Rac8 16. h4 1/2-1/2

[Event "POL-chT 2 Liga 2019"]
[Site "Poronin"]
[Date "2019.09.12"]
[Round "6.16"]
[White "Maciol, Ryszard"]
[Black "Malovanyi, Yulian"]
[Result "0-1"]
[ECO "E81"]
[WhiteElo "2165"]
[BlackElo "2320"]
[Annotator "NA"]
[PlyCount "84"]
[EventDate "2019.09.07"]
[EventType "team-tourn"]
[EventCountry "POL"]
[SourceTitle "playchess.com"]
[Source "ChessBase"]
[SourceQuality "1"]
[TimeControl "40/5400+30:1800+30"]

1. d4 Nf6 2. c4 g6 3. Nc3 Bg7 4. e4 d6 5. f3 O-O 6. Nge2 c5 7. d5 e6 8. Ng3 Re8 9. Be2 exd5 10. cxd5 h5 11. Bg5 Qb6 12. Qd2 Nh7 13. Bf4 Nd7 14. Nf1 Ne5 15. Bg3 f5 16. f4 Nf7 17. Ne3 Bxc3 18. Qxc3 Rxe4 19. Bf3 Re8 20. O-O Qd8 21. Rae1 Bd7 22. Nc4 Qf6 23. Qb3 Rxe1 24. Bxe1 b5 25. Na5 Qd4+ 26. Kh1 Re8 27. Nc6 Qxf4 28. Qxb5 Nf6 29. Bc3 Ng4 30. g3 Qe3 31. Qb7 Bc8 32. Qb5 a6 33. Qc4 Ng5 34. Bxg4 hxg4 35. Qf4 Qxf4 36. gxf4 Nf3 37. Rf2 Re4 38. b4 cxb4 39. Bxb4 Bd7 40. a3 Rc4 41. Ne7+ Kf7 42. Re2 Bb5 0-1

[Event "POL-chT 2 Liga 2019"]
[Site "Poronin"]
[Date "2019.09.12"]
[Round "6.18"]
[White "Dmochowska, Agnieszka"]
[Black "Czerwinska, Milena"]
[Result "1/2-1/2"]
[ECO "C41"]
[WhiteElo "2110"]
[BlackElo "2006"]
[Annotator "NA"]
[PlyCount "25"]
[EventDate "2019.09.07"]
[EventType "team-tourn"]
[EventCountry "POL"]
[SourceTitle "playchess.com"]
[Source "ChessBase"]
[SourceQuality "1"]
[TimeControl "40/5400+30:1800+30"]

1. e4 d6 2. d4 Nf6 3. Nc3 e5 4. Nf3 Nbd7 5. Rg1 exd4 6. Qxd4 Nc5 7. Be3 Ne6 8. Qd2 Ng4 9. Bd4 Nxd4 10. Qxd4 Be7 11. Nd5 Bf6 12. Nxf6+ Qxf6 13. Qxf6 1/2-1/2

[Event "POL-chT 2 Liga 2019"]
[Site "Poronin"]
[Date "2019.09.12"]
[Round "6.19"]
[White "Wandzik, Wojciech"]
[Black "Goluch, Piotr"]
[Result "1/2-1/2"]
[ECO "B18"]
[WhiteElo "2409"]
[BlackElo "2428"]
[Annotator "NA"]
[PlyCount "108"]
[EventDate "2019.09.07"]
[EventType "team-tourn"]
[EventCountry "POL"]
[SourceTitle "playchess.com"]
[Source "ChessBase"]
[SourceQuality "1"]
[TimeControl "40/5400+30:1800+30"]

1. e4 c6 2. d4 d5 3. Nc3 dxe4 4. Nxe4 Bf5 5. Ng3 Bg6 6. h4 h6 7. Nf3 e6 8. h5 Bh7 9. Bd3 Bxd3 10. Qxd3 Nf6 11. Bd2 c5 12. Ne4 Nc6 13. Bc3 Nxe4 14. Qxe4 c4 15. O-O-O Qd5 16. Rhe1 Be7 17. Ne5 Rd8 18. Qg4 Bf6 19. f4 O-O 20. Qg3 Kh7 21. a3 Ne7 22. Qf2 Nf5 23. g3 Nd6 24. Qe2 a5 25. g4 Nb5 26. Bxa5 Nxd4 27. Qe4+ Qxe4 28. Rxe4 Rd5 29. Rdxd4 Rxa5 30. Rxc4 Rd5 31. Rc7 Rfd8 32. b4 Rd1+ 33. Kb2 R8d4 34. Rc4 Rd5 35. Kb3 Rb1+ 36. Ka2 Rdd1 37. b5 Rxb5 38. Rb4 Rc5 39. c4 Rc7 40. Rb5 Bxe5 41. Rbxe5 Rd3 42. Kb2 Rcd7 43. f5 exf5 44. Rxf5 Rg3 45. Rd5 Rxd5 46. cxd5 Rd3 47. Re7 Rxd5 48. Rxf7 Rd4 49. Rxb7 Rxg4 50. Rb5 g5 51. Rb7+ Kg8 52. Rb8+ Kg7 53. Rb7+ Kg8 54. Rb8+ Kg7 1/2-1/2